 Dungeon Crawl Stone Soup version 0.17.1-2-g5865329 (webtiles) character file.

335 Faustar the Magician (level 6, -2/45 HPs)
             Began as a Draconian Conjurer on Jan 28, 2016.
             Was a Believer of Vehumet.
             Slain by an orc
             ... wielding a +0 club
              (3 damage)
             ... on level 4 of the Dungeon.
             The game lasted 00:15:35 (4177 turns).

Faustar the Magician (Draconian Conjurer)           Turns: 4177, Time: 00:15:36

Health: -2/45      AC:  6    Str: 11    XL:     6   Next: 28%
Magic:  3/15       EV: 12    Int: 16    God:    Vehumet [**....]
Gold:   147        SH:  0    Dex: 12    Spells: 2 memorised, 14 levels left

rFire  . . .     SeeInvis .     d - +0 dagger (holy)
rCold  . . .     Clarity  .     (armour unavailable)
rNeg   . . .     SustAt   .     (no shield)
rPois  +         Gourm    .     (helmet restricted)
rElec  .         Spirit   .     (no cloak)
rCorr  .         Warding  .     (no gloves)
rMut   .         Stasis   .     (no boots)
MR     .....                    (no amulet)
Stlth  +++.......               c - ring of stealth
                                r - ring of poison resistance

@: not resistant to hostile enchantments, fairly stealthy
A: unfitting armour, cold-blooded, AC +6
a: Renounce Religion


You were on level 4 of the Dungeon.
You worshipped Vehumet.
Vehumet was pleased with you.
You were not hungry.

You visited 1 branch of the dungeon, and saw 4 of its levels.

You collected 147 gold pieces.

Inventory:

Hand Weapons
 d - a +0 dagger of holy wrath (weapon)
Armour
 x - a +0 buckler
Jewellery
 c - a ring of stealth (right hand)
 h - an uncursed amulet of inaccuracy
 i - an uncursed ring of stealth
 p - an uncursed ring of positive energy
 r - a ring of poison resistance (left hand)
 s - an uncursed ring of see invisible
Scrolls
 f - 3 scrolls of identify
 n - a scroll of enchant weapon
 u - a scroll of random uselessness {unknown}
 w - a scroll of amnesia
 y - a scroll of blinking {unknown}
Potions
 e - a potion of curing
 g - a potion of resistance {unknown}
 j - a potion of agility {unknown}
 l - 2 potions of cure mutation {unknown}
 m - 2 potions of heal wounds {unknown}
 q - 2 potions of cancellation {unknown}
 t - a potion of invisibility {unknown}
Books
 a - a book of Conjurations

   Spells                             Type                      Level
   a - Magic Dart                     Conjuration                  1
   b - Searing Ray                    Conjuration                  2
   c - Dazzling Spray                 Conjuration/Hexes            3
   d - Fulminant Prism                Conjuration/Hexes            4
   e - Iskenderun's Mystic Blast      Conjuration                  4
   f - Iskenderun's Battlesphere      Conjuration/Charms           5
Comestibles
 b - 3 bread rations
 k - a slice of pizza
 o - 12 fruits
 v - 2 chunks of flesh
 z - a meat ration


   Skills:
 - Level 1.7 Dodging
 - Level 1.7 Stealth
 + Level 6.2 Spellcasting
 - Level 4.0 Conjurations


You had 14 spell levels left.
You knew the following spells:

 Your Spells              Type           Power        Failure   Level  Hunger
a - Magic Dart            Conj           ###.         2%          1    None
b - Searing Ray           Conj           ###...       4%          2    #......


Dungeon Overview and Level Annotations

Branches:
Dungeon (4/15)             Temple (0/1) D:4

Altars:
Dithmenos
Elyvilon
Okawaru
Sif Muna
Vehumet
Zin

Shops:
D:4 !

Annotations:
D:3 droidenko's ghost, amateur MiFi


Innate Abilities, Weirdness & Mutations

Your plain brown scales are hard (AC +6).
Your body does not fit into most forms of armour.
You are cold-blooded and may be slowed by cold attacks.


Message History

Confirm with . or Enter, or press ? or * to list all spells.
Aiming: Searing Ray
Press: ? - help, Shift-Dir - straight line, f - orc priest, p - orc
Aim: an orc priest, wielding a falchion and wearing a scale mail (moderately wounded)
The searing ray hits the orc priest.
The orc priest is moderately wounded.
The orc wizard hits you but does no damage.
The orc closely misses you. The orc hits you but does no damage.
The orc wizard casts a spell at you. The magic dart hits you!
* * * LOW HITPOINT WARNING * * *
The searing ray hits the orc priest.
The orc priest is moderately wounded.
The orc priest hits you with a falchion.
* * * LOW HITPOINT WARNING * * *
The orc wizard hits you but does no damage.
The orc hits you with a flail.
* * * LOW HITPOINT WARNING * * *
The orc hits you with a club.
You die...

##....### #...........##
#.. ###..
##...........###.. #.#
#............##.. ..
#........##...... #.# ##
##........###..... #.
..## ##........##.......
..
....##......#..##.###...
...........######. #...
......o@...# # #...
......ooo.## ##..
.........## ###
........## ........#
.......## ......# .....#
#....


You could see an orc priest, an orc wizard and 2 orcs.

Vanquished Creatures
  A vampire bat (D:4)
  An orc priest (D:4)
  A worker ant (D:4)
  9 adders
  3 fire bats (D:4)
  3 worms
  A giant gecko (D:3)
  5 orcs (D:4)
  2 spectral bats (D:4)
  3 bat skeletons (D:4)
  A bat zombie (D:4)
  3 giant cockroaches
  10 goblins
  7 hobgoblins
  5 jackals
  2 ball pythons (D:1)
  18 bats
  A bat simulacrum (D:4)
  2 giant newts
  11 kobolds
  2 quokkas
  5 rats
96 creatures vanquished.

Notes
Turn   | Place    | Note
--------------------------------------------------------------
     0 | D:1      | Faustar the Draconian Conjurer began the quest for the Orb.
     0 | D:1      | Reached XP level 1. HP: 14/14 MP: 3/3
   447 | D:1      | Reached XP level 2. HP: 15/20 MP: 5/5
   632 | D:1      | Learned a level 2 spell: Searing Ray
  1254 | D:2      | Reached XP level 3. HP: 26/26 MP: 2/7
  1597 | D:2      | Found a shadowy altar of Dithmenos.
  1605 | D:2      | Found a deep blue altar of Sif Muna.
  1609 | D:2      | Found an iron altar of Okawaru.
  1609 | D:2      | Found a white marble altar of Elyvilon.
  1610 | D:2      | Found a glowing silver altar of Zin.
  1610 | D:2      | Found a radiant altar of Vehumet.
  1684 | D:2      | Became a worshipper of Vehumet
  2140 | D:2      | Reached XP level 4. HP: 33/33 MP: 10/10
  2506 | D:3      | Reached * piety under Vehumet
  2506 | D:3      | Offered knowledge of Sting by Vehumet.
  2711 | D:3      | Reached XP level 5. HP: 24/38 MP: 4/12
  2754 | D:3      | Noticed droidenko's ghost (amateur MiFi)
  3376 | D:4      | Found Vepritso's Distillery.
  3391 | D:4      | Reached skill level 5 in Spellcasting
  3770 | D:4      | Reached XP level 6. HP: 45/45 MP: 10/14
  3779 | D:4      | Reached ** piety under Vehumet
  3779 | D:4      | Offered knowledge of Throw Frost by Vehumet.
  3858 | D:4      | Found a staircase to the Ecumenical Temple.
  3894 | D:4      | Reached skill level 6 in Spellcasting
  4177 | D:4      | HP: 1/45 [orc/flail (5)]
  4177 | D:4      | Slain by an orc

Action                   |  1- 3 |  4- 6 || total
-------------------------+-------+-------++-------
Melee: Dagger            |   115 |    60 ||   175
       Unarmed           |    15 |       ||    15
 Cast: Magic Dart        |    22 |    39 ||    61
       Searing Ray       |     7 |    33 ||    40
  Use: Scroll            |     3 |     2 ||     5
       Potion            |       |     1 ||     1
 Stab: Sleeping          |     2 |     3 ||     5
  Eat: Chunk             |     4 |     7 ||    11
